 Dungeon Crawl Stone Soup version 0.31-a0-1616-gbeaec30b81 (webtiles) character file.

Game seed: 2723966029687870960

58 mopl the Insei (level 4, -7/28 HPs)
             Began as an Octopode Shapeshifter on Jan 10, 2024.
             Killed from afar by Ijyb (10 damage)
             ... with a puff of flame
             ... on level 3 of the Dungeon.
             The game lasted 00:01:08 (1136 turns).

mopl the Insei (Octopode Shapeshifter)              Turns: 1136, Time: 00:01:09

Health: -7/28      AC:  1    Str: 13    XL:     4   Next: 2%
Magic:  4/4        EV: 13    Int: 12    God:
Gold:   142        SH:  0    Dex: 13    Spells: 3/3 levels left

rFire   . .          .
                       - Unarmed
rCold   . . .        (no shield)
rNeg    + . .        (helmet currently unavailable)
rPois   .            (no amulet)
rElec   .            g - ring of positive energy
rCorr   .            (no ring)
SInv    .            (no ring)
Will    .....        (no ring)
Stlth   ++           (no ring)
HPRegen 0.24/turn    (no ring)
MPRegen 0.09/turn    (no ring)
                     (no ring)

%: no passive effects
@: beast-form
A: beast (slay +2), almost no armour, amphibious, 8 rings, camouflage 1,
gelatinous body 1, (nimble swimmer 1), tentacles
a: Begin Untransformation


You were on level 3 of the Dungeon.
You were a hulking beast.
You visited 1 branch of the dungeon, and saw 3 of its levels.

You collected 142 gold pieces.

Inventory:

Jewellery
 g - a ring of positive energy (left tentacle)
 h - a ring of fire
Talismans
 b - a beast talisman
 c - a flux talisman
Scrolls
 d - 2 scrolls of teleportation {unknown}
 e - 2 scrolls of fog {unknown}
 f - a scroll of identify {unknown}
 j - a scroll of amnesia {unknown}
Potions
 a - 2 potions of lignification {!q}
 i - a potion of resistance {unknown}
 k - a potion of heal wounds {unknown}
 l - a potion of invisibility {unknown}


   Skills:
 + Level 1.6 Fighting
 + Level 2.3 Dodging
 * Level 3.6 Unarmed Combat
 * Level 3.6 Shapeshifting


You had 3 spell levels left.
You didn't know any spells.
Your spell library was empty.

Dungeon Overview and Level Annotations

Branches:
Dungeon (3/15)

Altars:

Annotations:
D:3 Ijyb


Innate Abilities, Weirdness & Mutations

You are a hulking beast.
Your limbs bulge with bestial killing power. (Slay +2)
You cannot wear most types of armour.
You are amphibious.
You can wear up to eight rings at the same time.
Your skin changes colour to match your surroundings (Stealth+).
Your rubbery body absorbs attacks. (AC +1, EV +1)
((You are camouflaged when in or above water. (Stealth+)))
You have tentacles for arms and can constrict up to eight enemies at once.


Message History

You tentacle-slap Ijyb but do no damage.
Your grab misses Ijyb. You squeeze Ijyb.
Ijyb is moderately wounded.
You completely miss Ijyb. Your grab misses Ijyb.
Ijyb is moderately wounded.
Ijyb zaps a wand.
The puff of flame misses you.
You tentacle-slap Ijyb but do no damage.
Your grab misses Ijyb.
Ijyb is moderately wounded.
Ijyb hits you with a +2 club.
You barely miss Ijyb. Your grab misses Ijyb. Your squeeze misses Ijyb.
Ijyb is moderately wounded.
Ijyb closely misses you.
You tentacle-slap Ijyb but do no damage.
Your grab misses Ijyb. Your squeeze misses Ijyb.
Ijyb is moderately wounded.
Ijyb misses you.
You tentacle-slap Ijyb. You grab Ijyb.
Ijyb is moderately wounded.
You constrict Ijyb, but do no damage. Ijyb barely misses you.
You tentacle-slap Ijyb but do no damage.
Ijyb is moderately wounded.
You constrict Ijyb, but do no damage.
Ijyb zaps a wand.
The puff of flame hits you!
You tentacle-slap Ijyb. You squeeze Ijyb.
Ijyb is heavily wounded.
You constrict Ijyb, but do no damage. The endoplasm freezes you.
You are frozen.
Ijyb hits you with a +2 club.
* * * LOW HITPOINT WARNING * * *
You are too injured to fight recklessly!
You are too injured to fight recklessly!
You tentacle-slap Ijyb but do no damage.
Ijyb is heavily wounded.
You constrict Ijyb. The endoplasm freezes you.
You are frozen.
* * * LOW HITPOINT WARNING * * *
Ijyb zaps a wand.
The puff of flame hits you!
You die...

#.#.## ##.......#
#######....####).....>..
....=.........'..<......
.######....####.........
#.#.## ##.......# #.###
##.....## #.# ##...##
#.# #+## #h# #Jg......
#..###### .... ....#
...... .....## #.....#


You could see Ijyb and an endoplasm.

Vanquished Creatures
  2 adders (D:2)
  A dart slug (D:2)
  A ribbon worm (D:2)
  3 ball pythons
  3 bats
  4 endoplasms
  5 giant cockroaches
  2 goblins
  2 hobgoblins
  3 kobolds
  A quokka (D:1)
  A frilled lizard (D:2)
  5 rats
33 creatures vanquished.

Notes
Turn   | Place    | Note
-------+----------+-------------------------------------------
     0 | D:1      | mopl the Octopode Shapeshifter began the quest for the Orb.
     0 | D:1      | Reached XP level 1. HP: 13/13 MP: 1/1
   179 | D:1      | Reached XP level 2. HP: 15/18 MP: 2/2
   733 | D:2      | Reached XP level 3. HP: 23/23 MP: 3/3
  1054 | D:2      | Reached XP level 4. HP: 24/28 MP: 4/4
  1121 | D:3      | Noticed Ijyb
  1136 | D:3      | Killed from afar by Ijyb

Illustrated notes

Levels and vault maps discovered:
D:1:      dpeg_arrival_rooms_a, layout_basic
D:2:      minmay_angry_zag, layout_basic
D:3:      layout_loops_corners, uniq_sigmund, uniq_ijyb

Action                     |  1- 3 |  4- 6 || total
---------------------------+-------+-------++-------
  Melee: Unarmed           |    62 |    10 ||    72
         Constrict         |    15 |     1 ||    16
         Tentacles         |    12 |     2 ||    14
         Punch             |     2 |       ||     2
   Stab: Sleeping          |     4 |     1 ||     5
 Armour: Skin              |    23 |     4 ||    27
  Dodge: Dodged            |    30 |     5 ||    35

Table legend: (Time is in decaauts)
 A = Elapsed time spent in this place.
 B = Non-inter-level travel time spent in this place.
 C = Inter-level travel time spent in this place.
 D = Time resting spent in this place.
 E = Time spent auto-exploring this place.
 F = Levels seen in this place.
 G = Mean time per level.
                   A        B        C        D        E       F      G
               +--------+--------+--------+--------+--------+-----+--------+
         Total |   1131 |   1079 |     52 |      0 |    883 |   3 |  377.0 |
       Dungeon |   1131 |   1079 |     52 |      0 |    883 |   3 |  377.0 |
               +--------+--------+--------+--------+--------+-----+--------+

Top non-repeatable levels by time:
     D:1: 673 daAuts
     D:2: 430 daAuts
     D:3: 27 daAuts
